[Event "*** Titled Tuesday Blitz"]
[Site "Chess.com"]
[Date "2020.11.03"]
[Round "4"]
[White "korbul"]
[Black "BillieKimbah"]
[Result "0-1"]
[WhiteElo "2551"]
[BlackElo "2854"]
[TimeControl "180+1"]
[EndTime "10:42:02 PST"]
[Termination "BillieKimbah won by resignation"]

1. e4 c6 2. d4 d5 3. e5 c5 4. Nf3 Nc6 5. c4 cxd4 6. Nxd4 e6 7. Nc3 Bc5 8. Be3 Bxd4 9. Bxd4 dxc4 10. Bc5 Qa5 11.
Bd6 Nxe5 12. Qd4 f6 13. f4 Nc6 14. Qxc4 Nge7 15. O-O-O O-O 16. g4 Re8 17. Bd3 Bd7 18. g5 f5 19. Rhe1 Rac8 20. Kb1 a6 21. Rxe6 Bxe6 22.
Qxe6+ Kh8 23. Qf7 Rcd8 24. Ba3 b5 25. Bxe7 Nxe7 26. h4 Qc7 27. h5 Rf8 28. Qe6 Qd6 29. Qe2 b4 30. Na4 Nc6 31. h6 g6 32. Bc2 Nd4 33. Qd3 Qxf4 34. Qc4 Qxg5 35. Rc1 Qxh6 36. Nc5 Nxc2 37. Qxc2 Qd2 38. Nb7 Qxc2+ 39. Kxc2 Rc8+ 0-1

[Event "*** Titled Tuesday Blitz"]
[Site "Chess.com"]
[Date "2020.11.03"]
[Round "4"]
[White "Jumbo"]
[Black "xberli"]
[Result "1-0"]
[WhiteElo "2848"]
[BlackElo "2548"]
[TimeControl "180+1"]
[EndTime "10:42:02 PST"]
[Termination "Jumbo won by checkmate"]

1. d4 Nf6 2. c4 g6 3. Nc3 d5 4. cxd5 Nxd5 5. e4 Nxc3 6. bxc3 Bg7 7. Be3 c5 8. Qd2 Qa5 9. Rb1 a6 10. Rc1 O-O 11. Bd3 Nd7 12. Ne2 e5 13. d5 b5 14.
h4 c4 15. Bb1 Nf6 16. f3 Qa3 17. g4 h5 18. gxh5 Nxh5 19. Rg1 Bd7 20. Bh6 Qe7 21. Bg5 Qd6 22. Qe3 Kh7 23. Qf2 Rg8 24. Ng3 Nxg3 25.
Qxg3 f6 26. Be3 Be8 27. f4 Bf7 28. Ke2 Rae8 29. Rcf1 Bh6 30. fxe5 Rxe5 31. Bxh6 Kxh6 32. Qf4+ Kg7 33. Kd2 Rge8 34. Bc2 Qc5 35. Rg3 Qd6 36. Kc1 f5 37. h5 fxe4 38. Qxf7+ Kh8 39. hxg6 e3 40. g7# 1-0

[Event "*** Titled Tuesday Blitz"]
[Site "Chess.com"]
[Date "2020.11.03"]
[Round "4"]
[White "alexsergeyev"]
[Black "Na_binci"]
[Result "1-0"]
[WhiteElo "2324"]
[BlackElo "2142"]
[TimeControl "180+1"]
[EndTime "10:42:02 PST"]
[Termination "alexsergeyev won by resignation"]

1. d4 d6 2. Nc3 Nf6 3. e4 e5 4.
dxe5 dxe5 5. Qxd8+ Kxd8 6. Bc4 Be6 7. Bxe6 fxe6 8. f3 Nbd7 9. Be3 Kc8 10. Nge2 Bc5 11.
Bxc5 Nxc5 12. Kf2 c6 13. Ke3 Kc7 14. Rhd1 Rad8 15. Rxd8 Rxd8 16. b4 Ncd7 17. Rd1 Nb6 18. Rxd8 Kxd8 19. Kd3 Kc7 20. a4 Nfd7 21. a5 Nc8 22.
Nd1 c5 23. c3 Kc6 24. Kc4 Nd6+ 25. Kb3 Kb5 26. c4+ Kc6 27. b5+ Kc7 28. Nc1 b6 29. a6 Ne8 30. Nd3 Kd6 31. Ne3 Nef6 32. Kc3 Nh5 33. Kd2 Nf4 34. g3 Ng6 35. Ke2 Ne7 36.
Kf2 g5 37. Kg2 h5 38. h4 gxh4 39. gxh4 Ng6 40. Kg3 Ke7 41. Ng2 Kf6 42. f4 exf4+ 43.
Ngxf4 Nge5 44. Nxh5+ Kf7 45. Nb2 Nd3 46. Nxd3 1-0

[Event "*** Titled Tuesday Blitz"]
[Site "Chess.com"]
[Date "2020.11.03"]
[Round "4"]
[White "Beca95"]
[Black "Gabrielian_Artur"]
[Result "1-0"]
[WhiteElo "2964"]
[BlackElo "2785"]
[TimeControl "180+1"]
[EndTime "10:42:03 PST"]
[Termination "Beca95 won on time"]

1. e4 c5 2. Nc3 d6 3. f4 Nc6 4.
Bb5 Bd7 5. Bxc6 Bxc6 6. d3 e6 7. Nf3 Nf6 8. O-O Be7 9. b3 b5 10. Qe1 b4 11. Ne2 a5 12. a4 Rc8 13. Ng3 Bb7 14. h3 d5 15. e5 Nd7 16. f5 Qb6 17. Nh5 Rg8 18. fxe6 fxe6 19. Qg3 Kd8 20. Be3 d4 21.
Bg5 Bxg5 22. Qxg5+ Kc7 23. Nd2 h6 24. Qg3 Rcf8 25.
Nc4 Qc6 26. Nxa5 Qd5 27. Nf4 Rxf4 28. Rxf4 Ba8 29. Rf7 Kb6 30. Nc4+ Ka6 31. Raf1 g5 32. Qf3 Qxf3 33. gxf3 Nf8 34. Rc7 Ng6 35. Rxc5 Nh4 36.
Ra5+ Kb7 37. Nd6+ Kb6 38. Rb5+ Ka6 39. Ne4 h5 40. Kh2 Nf5 41. Nc5+ Ka7 42. Nxe6 Ne3 43.
Rg1 Bd5 44. Nxd4 Rc8 45. Rxg5 Bxf3 46. Rg7+ Ka8 47. Nxf3 Rxc2+ 48. Kh1 1-0

[Event "*** Titled Tuesday Blitz"]
[Site "Chess.com"]
[Date "2020.11.03"]
[Round "4"]
[White "rynos0411"]
[Black "Vuk2000"]
[Result "1-0"]
[WhiteElo "2490"]
[BlackElo "2649"]
[TimeControl "180+1"]
[EndTime "10:42:03 PST"]
[Termination "rynos0411 won on time"]

1. d4 Nf6 2. c4 e6 3. Nf3 b6 4. g3 Ba6 5. Qc2 Bb7 6. Bg2 c5 7.
dxc5 Bxc5 8. O-O O-O 9. Nc3 Na6 10. a3 Be7 11. b3 Rc8 12. Bb2 d5 13. Nd2 Nc5 14.
Rac1 dxc4 15. Bxb7 cxb3 16. Nxb3 Nxb7 17. Rfd1 Qe8 18. Qd2 Nd6 19. Nd4 Nc4 20. Qc2 Nxa3 21. Qb3 Nc4 22. Ba1 Na5 23. Qb1 Qd7 24. Nf5 Qb7 25. Nxe7+ Qxe7 26. Nb5 Rxc1 27. Rxc1 a6 28. Nd4 Nd7 29. Bc3 Rc8 30. Bxa5 Rxc1+ 31. Qxc1 bxa5 32. Qc8+ Nf8 33. Qxa6 Qb4 34. Nc6 Qc3 35. Ne7+ Kh8 36.
Qa8 h5 37. Qxf8+ Kh7 38. Qg8+ Kh6 39. Qxf7 Qc1+ 40. Kg2 Qc2 41. Ng8+ Kh7 42. Nf6+ 1-0

[Event "*** Titled Tuesday Blitz"]
[Site "Chess.com"]
[Date "2020.11.03"]
[Round "4"]
[White "grunbergmihai"]
[Black "Vyacheslav_N"]
[Result "1-0"]
[WhiteElo "2474"]
[BlackElo "2310"]
[TimeControl "180+1"]
[EndTime "10:42:03 PST"]
[Termination "grunbergmihai won on time"]

1. Nf3 d5 2. c4 c6 3. g3 Bg4 4. Bg2 Bxf3 5. Bxf3 dxc4 6. Na3 Nf6 7. Nxc4 Nbd7 8. d4 e6 9. O-O h5 10. h4 Be7 11.
Bf4 Nb6 12. Ne5 Nbd5 13. Bg5 Nd7 14. Bxe7 Qxe7 15. e4 Nxe5 16. dxe5 Nb6 17. Bxh5 Nc4 18. Qe2 g6 19. Qxc4 Rxh5 20. f4 Rd8 21. Rad1 Rh8 22. Kg2 Kf8 23. Rxd8+ Qxd8 24. f5 exf5 25. exf5 g5 26.
e6 gxh4 27. exf7 Qd2+ 28. Rf2 h3+ 29. Kf3 Qd1+ 30. Re2 h2 31. Qc5+ Kg7 32. Qe5+ Kh7 33. Qxh8+ Kxh8 34. f8=Q+ Kh7 35. Qf7+ Kh8 36. Qh5+ Kg8 37.
Qxh2 Qd3+ 38. Kg4 Qd4+ 39. Kg5 Qd8+ 40. f6 Qd5+ 41. Kf4 Qd4+ 42. Re4 Qxf6+ 43. Ke3 Qg5+ 44. Ke2 Qb5+ 45. Ke1 1-0

[Event "*** Titled Tuesday Blitz"]
[Site "Chess.com"]
[Date "2020.11.03"]
[Round "4"]
[White "wannabe2700"]
[Black "KaterinaMiroshnik"]
[Result "0-1"]
[WhiteElo "2727"]
[BlackElo "2526"]
[TimeControl "180+1"]
[EndTime "10:42:04 PST"]
[Termination "KaterinaMiroshnik won by checkmate"]

1. e4 e6 2. d4 d5 3. Nc3 Nf6 4. e5 Nfd7 5. f4 c5 6. Nf3 Nc6 7. Be3 Qb6 8. Na4 Qa5+ 9. c3 cxd4 10. b4 Nxb4 11. cxb4 Bxb4+ 12. Bd2 Bxd2+ 13. Nxd2 b6 14. Bd3 Nc5 15. Nxc5 bxc5 16. O-O O-O 17. Bxh7+ Kxh7 18. Qh5+ Kg8 19. Nf3 g6 20. Qh6 Qc7 21. Rac1 d3 22.
Ng5 f6 23. Qxg6+ Qg7 24. Qxg7+ Kxg7 25. exf6+ Rxf6 26. Rxc5 Ba6 27. g3 Re8 28. Nf3 d2 29. Rb1 d1=Q+ 30. Rxd1 Be2 31. Rc7+ Kg8 32. Rb1 Bxf3 33.
Rbb7 Be4 34. Rxa7 Rb8 35. Kf2 d4 36. Rd7 e5 37. h4 Rc6 38. Rdc7 Rcb6 39. g4 exf4 40. Rc1 Rb2+ 41. Ke1 Rh2 42. Rac7 Rbb2 43. Rc8+ Kf7 44. R1c7+ Ke6 45. Re8+ Kd6 46. Rxe4 Kxc7 47.
Rxf4 Rb1# 0-1

[Event "*** Titled Tuesday Blitz"]
[Site "Chess.com"]
[Date "2020.11.03"]
[Round "4"]
[White "Ausbildung"]
[Black "MasterKroket"]
[Result "0-1"]
[WhiteElo "2240"]
[BlackElo "2422"]
[TimeControl "180+1"]
[EndTime "10:42:04 PST"]
[Termination "MasterKroket won by resignation"]

1. e4 c5 2. c4 Nc6 3. Nc3 e6 4.
Nge2 Nf6 5. g3 d6 6. Bg2 g6 7. d3 Bg7 8. O-O O-O 9. Rb1 Rb8 10. h3 a6 11. Be3 b5 12. b3 Nd7 13. d4 cxd4 14. Nxd4 Nxd4 15. Bxd4 b4 16. Bxg7 Kxg7 17. Na4 Qc7 18. Qd4+ e5 19. Qd2 Rd8 20. Rbd1 Nc5 21. Nxc5 Qxc5 22. Qg5 f6 23. Qd2 a5 24. Kh2 Be6 25.
f4 Rb7 26. Bf3 a4 27. h4 axb3 28. axb3 Ra7 29. h5 Ra6 30. h6+ Kg8 31. fxe5 fxe5 32.
Qg5 Rf8 33. Qe7 Bf7 34. Bg4 Ra2+ 35. Kh3 Qe3 36. Qh4 Qxe4 37. Rf3 Qe2 38. Bh5 Be6+ 39. Rf5 Bxf5+ 0-1

[Event "*** Titled Tuesday Blitz"]
[Site "Chess.com"]
[Date "2020.11.03"]
[Round "4"]
[White "nocnypako"]
[Black "Andreikka"]
[Result "0-1"]
[WhiteElo "2574"]
[BlackElo "2911"]
[TimeControl "180+1"]
[EndTime "10:42:05 PST"]
[Termination "Andreikka won on time"]

1. d4 Nf6 2. c4 e6 3. Nc3 Bb4 4. e3 d5 5. a3 Be7 6. Nf3 b6 7. cxd5 exd5 8. Bd3 O-O 9. O-O Nbd7 10. b4 Bb7 11.
Bb2 a6 12. Ne5 Bd6 13. f4 b5 14. Qf3 Nb6 15. g4 Nc4 16. Bxc4 bxc4 17. g5 Ne4 18. Nxe4 dxe4 19. Qe2 Bd5 20. Nxc4 Be7 21. Rac1 f6 22. h4 Qd7 23. Rf2 Kh8 24. Kh1 Bd6 25. Nxd6 cxd6 26.
Qf1 h6 27. Qg2 Qf5 28. Rg1 Rg8 29. Qg4 Qxg4 30. Rxg4 Rac8 31. gxf6 gxf6 32. Rxg8+ Kxg8 33. Kg2 Kf7 34. Kf1 Kg6 35. Rg2+ Kh5 36. Rh2 Kg4 37.
Ke1 Kg3 38. Rd2 Kxh4 39. Rg2 Kh3 40. Kf1 h5 41. Kg1 h4 42. a4 Rc4 43. b5 Rxa4 44.
bxa6 Rxa6 45. Bc3 Rc6 46. Be1 Rc1 47. Rh2+ Kg4 48. Kf2 h3 49. Rh1 Rc2+ 0-1

[Event "*** Titled Tuesday Blitz"]
[Site "Chess.com"]
[Date "2020.11.03"]
[Round "4"]
[White "fyall777"]
[Black "Witik"]
[Result "0-1"]
[WhiteElo "2440"]
[BlackElo "2634"]
[TimeControl "180+1"]
[EndTime "10:42:05 PST"]
[Termination "Witik won by resignation"]

1. e4 c5 2. Nf3 Nc6 3. Nc3 g6 4. g3 Bg7 5. Bg2 d6 6. O-O e6 7.
d3 Nge7 8. Ng5 h6 9. Nh3 O-O 10. f4 Rb8 11. g4 f5 12. exf5 gxf5 13. g5 Nd4 14. Ne2 Qe8 15. Ng3 Qg6 16. c3 Ndc6 17. Bf3 e5 18. Kh1 hxg5 19. Nxg5 exf4 20. Bxf4 Ne5 21.
Rg1 Ng4 22. Qe2 Re8 23. h3 Nf6 24. Nh5 Ned5 25. Qg2 Nxf4 26. Nxf4 Qh6 27. Bd5+ Kf8 28. Nge6+ Bxe6 29. Nxe6+ Rxe6 30. Bxe6 Re8 31. Bxf5 Re3 32. Raf1 Bh8 33. Rf3 Ke7 34. Rxe3+ Qxe3 35. Qxb7+ Kf8 36. Qc8+ Ne8 37. Qe6 Qf3+ 38. Kh2 Be5+ 39. Qxe5 dxe5 40. Be4 Qf4+ 41. Kg2 Nf6 42. Rf1 Qg5+ 43. Kh2 Ke7 44. Bg2 Nh5 45. Rf3 Qd2 46. Kh1 Nf4 47. Bf1 Qxb2 48.
Re3 Kf6 49. c4 Qf2 0-1

[Event "*** Titled Tuesday Blitz"]
[Site "Chess.com"]
[Date "2020.11.03"]
[Round "4"]
[White "esapunov"]
[Black "dosto07"]
[Result "1-0"]
[WhiteElo "2642"]
[BlackElo "2351"]
[TimeControl "180+1"]
[EndTime "10:42:05 PST"]
[Termination "esapunov won on time"]

1. c4 e5 2. Nf3 Nc6 3. Nc3 Nf6 4.
e3 Bb4 5. Qc2 Bxc3 6. Qxc3 Qe7 7. a3 a5 8. b3 d5 9. Bb2 d4 10. Qc2 O-O 11. h3 Nd7 12. Bd3 h6 13. O-O Nc5 14.
exd4 Nxd3 15. Qxd3 e4 16. Qc3 exf3 17. Qxf3 Qg5 18.
d5 Ne5 19. Qe4 Ng6 20. f4 Qh4 21. d3 Bd7 22. f5 Rae8 23. Qxh4 Nxh4 24. g4 Re2 25. Rf2 Rfe8 26. Bc3 b6 27. Bd4 g5 28. b4 a4 29. b5 Rxf2 30. Kxf2 Nxf5 31. gxf5 Bxf5 32. Rd1 Bxh3 33. d6 cxd6 34. Bxb6 Bg4 35. Rd2 h5 36. Bc7 Re6 37. b6 Rf6+ 38. Ke3 Bf3 39. Rf2 g4 40. Rxf3 Rxf3+ 41. Ke2 Rh3 42. b7 Rh2+ 43. Ke3 Rb2 44. b8=Q+ Rxb8 45. Bxb8 Kg7 46. Bxd6 Kg6 47. c5 f5 48. c6 Kg5 49.
c7 h4 50. c8=Q 1-0

[Event "*** Titled Tuesday Blitz"]
[Site "Chess.com"]
[Date "2020.11.03"]
[Round "4"]
[White "Maxim_e2e4"]
[Black "Roza_Idrisova"]
[Result "0-1"]
[WhiteElo "2381"]
[BlackElo "2201"]
[TimeControl "180+1"]
[EndTime "10:42:05 PST"]
[Termination "Roza_Idrisova won on time"]

1. e4 c6 2. d4 d5 3. exd5 cxd5 4. Bd3 Nc6 5. c3 Nf6 6. Bf4 Bg4 7. Qb3 Na5 8. Qa4+ Bd7 9. Qc2 Rc8 10. Nd2 e6 11. Ngf3 Be7 12. O-O b5 13. a3 Nc4 14. Ne5 a5 15.
Rfe1 O-O 16. g4 Nxd2 17. Qxd2 Be8 18. Re3 Nd7 19. Rh3 g6 20. Bh6 Nxe5 21. dxe5 Bc6 22. Bxf8 Bxf8 23. Qf4 Qe7 24. Re1 Rd8 25. g5 Bg7 26.
Qh4 Qd7 27. Qxh7+ Kf8 28. Qh4 Ke7 29. Qf4 d4 30. cxd4 Qxd4 31. Qxd4 Rxd4 32. Bf1 Rg4+ 33.
Rg3 Rd4 34. Rc3 Kd7 35. h3 b4 36. axb4 axb4 37. Rd3 Rxd3 38. Bxd3 Kc7 39. f4 Bf8 40. Kf2 Bc5+ 41. Kg3 Bd5 42. Rc1 Kb6 43. Be2 Bd4 44. Rc2 Be4 45. Rd2 Bxb2 46. Rd7 Bc3 47. Bc4 Kc5 0-1

[Event "*** Titled Tuesday Blitz"]
[Site "Chess.com"]
[Date "2020.11.03"]
[Round "4"]
[White "kirillshevchenko"]
[Black "AndrewMaco"]
[Result "1-0"]
[WhiteElo "2880"]
[BlackElo "2664"]
[TimeControl "180+1"]
[EndTime "10:42:06 PST"]
[Termination "kirillshevchenko won by checkmate"]

1. e4 c6 2. d4 d5 3. f3 e6 4. Nc3 Bb4 5. Bd2 Bxc3 6. Bxc3 dxe4 7. Nh3 Nf6 8. Qd2 exf3 9. gxf3 Nbd7 10. Rg1 g6 11. d5 cxd5 12. O-O-O e5 13. Qh6 Qe7 14. Bb5 a6 15. Ba4 b5 16. Bb3 Bb7 17. Ba5 Qf8 18.
Qh4 Qd6 19. Ng5 O-O 20. Bb4 Nc5 21. Qh6 Rfc8 22. f4 exf4 23. Kb1 Qf8 24. Qh4 Qg7 25.
Qxf4 Nce4 26. Nxe4 Nxe4 27. Bxd5 Bxd5 28. Rxd5 Re8 29.
Re1 Nf6 30. Rde5 Rxe5 31. Qxe5 Nh5 32. Qd5 Rc8 33. Qb7 Rd8 34. Qc7 Qf6 35. Bc3 Qd6 36. Qxd6 Rd7 37. Re8# 1-0

[Event "*** Titled Tuesday Blitz"]
[Site "Chess.com"]
[Date "2020.11.03"]
[Round "4"]
[White "GMHess"]
[Black "MomchilPetkov"]
[Result "1-0"]
[WhiteElo "2872"]
[BlackElo "2653"]
[TimeControl "180+1"]
[EndTime "10:42:07 PST"]
[Termination "GMHess won by checkmate"]

1. e4 g6 2. Nc3 c5 3. h4 h5 4. Nf3 Bg7 5. d4 cxd4 6. Nxd4 Nc6 7.
Be3 Nf6 8. f3 O-O 9. Qd2 d5 10.
O-O-O dxe4 11. Qe1 Qa5 12. Nb3 Qe5 13. f4 Qb8 14. g3 Bg4 15. Be2 Bxe2 16. Qxe2 a5 17. Nc5 a4 18. a3 Qc8 19. N3xa4 Qg4 20. Rhe1 Qxe2 21. Rxe2 b5 22. Nb6 Rad8 23. Ncd7 Rfe8 24. Nxf6+ exf6 25. Red2 Rxd2 26. Rxd2 f5 27. Rd5 b4 28. a4 b3 29. c3 Bf8 30. a5 Rb8 31. a6 Na7 32. Rd7 Nb5 33. a7 Nxa7 34. Rxa7 Rd8 35. Rd7 Rb8 36. Ra7 Rd8 37. Ra8 Rd3 38. Bc5 e3 39.
Rxf8+ Kg7 40. Re8 e2 41. Rxe2 Rxg3 42. Bd4+ Kg8 43. Re8+ Kh7 44. Rh8# 1-0

[Event "*** Titled Tuesday Blitz"]
[Site "Chess.com"]
[Date "2020.11.03"]
[Round "4"]
[White "Harry_Rakkel"]
[Black "Sergey85Rodchenkov"]
[Result "1-0"]
[WhiteElo "2640"]
[BlackElo "2469"]
[TimeControl "180+1"]
[EndTime "10:42:07 PST"]
[Termination "Harry_Rakkel won by resignation"]

1. d4 Nf6 2. c4 e6 3. Nc3 Bb4 4. Nf3 b6 5. Bg5 Bb7 6. e3 h6 7.
Bh4 g5 8. Bg3 Ne4 9. Qc2 f5 10. Bd3 Qe7 11. h4 g4 12. Ne5 Bxc3+ 13. bxc3 Rg8 14. h5 d6 15. Bh4 Ng5 16. Ng6 Qf6 17. d5 exd5 18. Bxf5 Nd7 19. cxd5 O-O-O 20. O-O Kb8 21. c4 Ne5 22. e4 Bc8 23. a4 a5 24. Kh1 Nxg6 25. Bxg6 Rxg6 26. hxg6 Qxg6 27. g3 Rf8 28. Bxg5 Qxg5 29. Kg2 Bd7 30. Rae1 Qg6 31. Re3 h5 32. Rh1 Rg8 33. Qe2 Qf7 34. e5 dxe5 35. Rxe5 Bxa4 36. Rexh5 Rf8 37. Rh7 Qf5 38. R1h5 Qf6 39. R5h6 Qf5 40. Rh8 Bc2 41. Rxf8+ Qxf8 42. d6 cxd6 43. Qxc2 Qf3+ 44. Kh2 1-0

[Event "*** Titled Tuesday Blitz"]
[Site "Chess.com"]
[Date "2020.11.03"]
[Round "4"]
[White "Chessalary"]
[Black "Korchmar_Vasiliy"]
[Result "0-1"]
[WhiteElo "2406"]
[BlackElo "2623"]
[TimeControl "180+1"]
[EndTime "10:42:07 PST"]
[Termination "Korchmar_Vasiliy won by resignation"]

1. d4 Nf6 2. Nf3 d5 3. e3 Bg4 4. Be2 e6 5. O-O Nbd7 6. Nbd2 Bd6 7. b3 Ne4 8. h3 Nc3 9. Qe1 Nxe2+ 10. Qxe2 Bh5 11.
Bb2 O-O 12. e4 a5 13. c4 c6 14. Rfe1 a4 15. c5 Bf4 16. b4 Bxd2 17. Qxd2 Bxf3 18. gxf3 a3 19. Bc3 Qh4 20. Qe3 Qxh3 21. f4 Qg4+ 22. Qg3 Qxg3+ 23. fxg3 dxe4 24. Rxe4 Nf6 25. Re2 Nd5 26.
Bd2 Ra4 27. Rb1 b5 28. Re5 Rd8 29. f5 Nc7 30. fxe6 Nxe6 31. Bc3 Nc7 32. Rbe1 h6 33. Rf1 Nd5 34. Bd2 Nxb4 35. Re7 Nd5 36. Rexf7 Rxd4 37. Bc1 b4 38. Ra7 Rf8 39. Rxf8+ Kxf8 40. Kf2 Rc4 41. Be3 Rc2+ 0-1

[Event "*** Titled Tuesday Blitz"]
[Site "Chess.com"]
[Date "2020.11.03"]
[Round "4"]
[White "BlackBoarder"]
[Black "Ladislav1969"]
[Result "1-0"]
[WhiteElo "2549"]
[BlackElo "2333"]
[TimeControl "180+1"]
[EndTime "10:42:07 PST"]
[Termination "BlackBoarder won on time"]

1. e4 c5 2. Nf3 e6 3. c3 Nc6 4. d4 cxd4 5. cxd4 d5 6. e5 Nge7 7. Nc3 Nf5 8. Bb5 Bd7 9. O-O Qb6 10.
Be3 Be7 11. Rc1 O-O 12. Qd2 Nxe3 13. fxe3 Nxe5 14. Nxe5 Bxb5 15. Rf3 f6 16. Nd3 Bxd3 17. Qxd3 Qxb2 18. Rb1 Qa3 19. Rb3 Qa6 20. Qxa6 bxa6 21. e4 dxe4 22. Nxe4 Rfd8 23. Rb7 Rxd4 24. Rxe7 Rxe4 25.
Rg3 g6 26. Rd3 Kh8 27. Rh3 h5 28. Rd3 Rb8 29. Rdd7 Rf4 30. Rh7+ Kg8 31. Rdg7+ Kf8 32. h3 h4 33. Rf7+ Kg8 34. Rfg7+ Kf8 35. Rxa7 Kg8 36.
Rhg7+ Kh8 37. Rxg6 1-0

[Event "*** Titled Tuesday Blitz"]
[Site "Chess.com"]
[Date "2020.11.03"]
[Round "4"]
[White "penguingm1"]
[Black "Bigfish1995"]
[Result "0-1"]
[WhiteElo "2813"]
[BlackElo "3014"]
[TimeControl "180+1"]
[EndTime "10:42:08 PST"]
[Termination "Bigfish1995 won on time"]

1. d4 f5 2. Nf3 Nf6 3. g3 e6 4.
Bg2 d5 5. O-O Bd6 6. c4 c6 7. b3 Qe7 8. Bb2 O-O 9. Nbd2 Nbd7 10. Ne5 Ne4 11. Ndf3 Nxe5 12. Nxe5 Bd7 13. Qc2 Be8 14. c5 Bxe5 15. dxe5 f4 16. Bd4 Bg6 17. Qc1 fxg3 18. hxg3 Rf7 19. Kh2 Rf5 20. Bh3 Rh5 21. Kg2 Rf8 22. Bg4 Rg5 23. Bf3 h6 24. Rh1 Qf7 25.
Rh4 Rf5 26. Qe3 Qe7 27. Rf1 R5f7 28. Bxe4 dxe4 29. Bc3 Rd8 30. Rf4 Rd5 31. Rxf7 Kxf7 32. b4 a5 33. a3 a4 34. Rc1 Qd7 35. Qf4+ Kg8 36. Qe3 Bf5 37. Qf4 g5 38. Qe3 Kg7 39.
Kg1 Kg6 40. Kg2 h5 41. Kg1 h4 42. gxh4 gxh4 43. Kh2 Rd1 44. Bd2 Qxd2 0-1

[Event "*** Titled Tuesday Blitz"]
[Site "Chess.com"]
[Date "2020.11.03"]
[Round "4"]
[White "Nikolakis2014"]
[Black "vanyakuba"]
[Result "1-0"]
[WhiteElo "2748"]
[BlackElo "2513"]
[TimeControl "180+1"]
[EndTime "10:42:08 PST"]
[Termination "Nikolakis2014 won on time"]

1. Nf3 d5 2. d4 c5 3. c4 e6 4. cxd5 exd5 5. g3 Nc6 6. Bg2 Nf6 7.
O-O Be7 8. Nc3 O-O 9. dxc5 Bxc5 10. Bg5 d4 11. Ne4 Be7 12. Bxf6 Bxf6 13. b4 a6 14. a4 Nxb4 15. Nxf6+ Qxf6 16. Qxd4 Nc6 17.
Qxf6 gxf6 18. Rab1 Rb8 19. Rfc1 Be6 20. e3 Rfc8 21.
Nd2 Na5 22. Rxc8+ Rxc8 23. Ne4 Rc4 24. Nxf6+ Kg7 25. Nh5+ Kh6 26. Nf4 Rxa4 27. Nxe6 fxe6 28. Bxb7 Nc4 29. Bc6 Ra3 30. Bd7 e5 31. Be6 Nd2 32. Rb6 e4 33. Kg2 Kg7 34. h4 a5 35. g4 Nf3 36. Kg3 Ra1 37. Bf5 Nd2 38. g5 a4 39.
Rb7+ Kf8 40. h5 a3 41. Ra7 a2 42.
Kf4 Rf1 43. Rxa2 Rxf2+ 44. Kg4 Rg2+ 45. Kh3 Rf2 46. Bxh7 Ke7 47. Ra7+ Ke6 48. Bg8+ Ke5 49. Re7+ Kd6 50. Rf7 1-0

[Event "*** Titled Tuesday Blitz"]
[Site "Chess.com"]
[Date "2020.11.03"]
[Round "4"]
[White "TheCairnTerrier"]
[Black "WildTricks"]
[Result "0-1"]
[WhiteElo "2197"]
[BlackElo "2403"]
[TimeControl "180+1"]
[EndTime "10:42:08 PST"]
[Termination "WildTricks won on time"]

1. e4 c5 2. Nf3 d6 3. Bb5+ Nd7 4. O-O a6 5. Bxd7+ Bxd7 6. Re1 g6 7. c3 Bg7 8. d4 Nf6 9. e5 dxe5 10. Nxe5 O-O 11.
Nxd7 Nxd7 12. Be3 Qb6 13. Nd2 cxd4 14. Nc4 Qc7 15. Bxd4 e5 16. Be3 Rad8 17. Qb3 b5 18.
Nd2 Nc5 19. Bxc5 Qxc5 20. Ne4 Qc6 21. a4 h6 22. axb5 axb5 23. Ra7 Kh8 24. h3 f5 25. Ng3 e4 26. Rf7 Rxf7 27. Qxf7 Rd2 28.
Ra1 Rd7 29. Qe8+ Kh7 30. Ra8 Rd1+ 31. Kh2 Qxe8 32. Rxe8 Rd2 33. b4 Rxf2 34. Rb8 Bxc3 35. Rxb5 h5 36. Rb6 h4 37. Nh1 Rf1 0-1

[Event "*** Titled Tuesday Blitz"]
[Site "Chess.com"]
[Date "2020.11.03"]
[Round "4"]
[White "mr_gustavo"]
[Black "Mbneu"]
[Result "1-0"]
[WhiteElo "2414"]
[BlackElo "2225"]
[TimeControl "180+1"]
[EndTime "10:42:09 PST"]
[Termination "mr_gustavo won by resignation"]

1. e4 c5 2. Nf3 Nf6 3. Nc3 d5 4. exd5 Nxd5 5. Bb5+ Bd7 6. Bxd7+ Qxd7 7. Nxd5 Qxd5 8. O-O Nc6 9. Re1 e6 10. b3 Be7 11. Bb2 O-O 12. Qe2 Nd4 13. Bxd4 cxd4 14.
Qe4 Rfd8 15. Qg4 Bf6 16. d3 Rac8 17. Rac1 Rc6 18. h4 Rdc8 19. Re2 h6 20. Ne1 Rc5 21. g3 Qf5 22. Qxf5 Rxf5 23. Kg2 b5 24. Nf3 Rfc5 25. Kf1 R8c6 26. Ke1 Ra6 27. Ra1 b4 28. Kd2 Rca5 29. Re4 Rxa2 30. Rxa2 Rxa2 31. Nxd4 a5 32. Nc6 Bc3+ 33.
Kd1 f5 34. Rc4 e5 35. Rc5 e4 36. dxe4 fxe4 37. Rxa5 Rb2 38. Ra1 Kf7 39. Rc1 Ra2 40.
Ke2 Ke6 41. Ke3 Kd5 42. Ne7+ Ke6 43. Ng6 Kf5 44. Nf4 Bb2 45. Rd1 Be5 46. Rd5 g5 47. hxg5 hxg5 48. Ne2 Rxc2 49. Nd4+ Kf6 50. Nxc2 1-0

[Event "*** Titled Tuesday Blitz"]
[Site "Chess.com"]
[Date "2020.11.03"]
[Round "4"]
[White "FontVella8"]
[Black "GregShahade"]
[Result "1/2-1/2"]
[WhiteElo "2481"]
[BlackElo "2655"]
[TimeControl "180+1"]
[EndTime "10:42:10 PST"]
[Termination "Game drawn by repetition"]

1. e4 e5 2. Nc3 Nf6 3. g3 d5 4.
exd5 Nxd5 5. Bg2 Nxc3 6. bxc3 Nc6 7. Nf3 Bc5 8. O-O O-O 9. Re1 Qf6 10. Rb1 Bb6 11. d3 h6 12. h3 Be6 13. c4 Rfe8 14. Bb2 Bf5 15. Qe2 Ba5 16. Nd2 Rad8 17. Qe3 Qd6 18. c5 Qd7 19. Kh2 Nd4 20. Rec1 Bxd2 21. Qxd2 Bxh3 22. Bxh3 Nf3+ 23. Kg2 Nxd2 24. Bxd7 Rxd7 25.
Ra1 e4 26. Rd1 Nf3 27. dxe4 Rxd1 28. Rxd1 Ne5 29. Bc3 Re7 30. f4 Nc6 31. Kf3 f6 32.
Rd5 Kf7 33. a4 a6 34. g4 Ke6 35. g5 hxg5 36. fxg5 Kf7 37. gxf6 gxf6 38. Rf5 Re6 39. Kf4 Ne7 40. Rh5 Ng6+ 41. Ke3 Kg7 42. Rf5 Kf7 43. Rh5 Kg7 44. Rf5 Kf7 45. Rh5 1/2-1/2

[Event "*** Titled Tuesday Blitz"]
[Site "Chess.com"]
[Date "2020.11.03"]
[Round "4"]
[White "Semetey"]
[Black "Enriquack"]
[Result "0-1"]
[WhiteElo "2569"]
[BlackElo "2275"]
[TimeControl "180+1"]
[EndTime "10:42:11 PST"]
[Termination "Enriquack won by checkmate"]

1. e4 c5 2. Nc3 e6 3. g3 Nc6 4. Bg2 a6 5. Nf3 Qc7 6. a4 b6 7. O-O Bb7 8. d3 Be7 9. Bd2 h5 10. h4 Nh6 11. Re1 Ng4 12. Ng5 f6 13. Nh3 O-O-O 14.
Nf4 Nge5 15. Nxh5 g5 16. hxg5 fxg5 17. g4 Rdf8 18. Qe2 Nd4 19. Qd1 Rxh5 20. gxh5 Nef3+ 21. Bxf3 Nxf3+ 22. Kf1 Qh2 23. Be3 Qxh5 24. Nb1 Qh3+ 25. Ke2 Qg4 26. Rh1 d5 27. Qf1 dxe4 28. dxe4 Bxe4 29.
Nc3 Nh2+ 30. Kd2 Nxf1+ 31. Rhxf1 Bc6 32. Rg1 Qf5 33. Rae1 b5 34. axb5 axb5 35. Kc1 b4 36. Ne2 Kb7 37. Ng3 Qd5 38. b3 Qe5 39. Rd1 Qa1+ 40.
Kd2 Rd8+ 41. Ke2 Rxd1 42. Rxd1 Bf3+ 43. Kxf3 Qxd1+ 44. Ke4 Qxc2+ 45. Ke5 Qxb3 46. Ne4 Qd5# 0-1

[Event "*** Titled Tuesday Blitz"]
[Site "Chess.com"]
[Date "2020.11.03"]
[Round "4"]
[White "Varinius"]
[Black "paulrusan"]
[Result "1-0"]
[WhiteElo "2506"]
[BlackElo "2183"]
[TimeControl "180+1"]
[EndTime "10:42:11 PST"]
[Termination "Varinius won on time"]

1. d4 Nf6 2. Nf3 g6 3. c4 Bg7 4. Nc3 O-O 5. e4 d6 6. h3 e5 7. dxe5 dxe5 8. Qxd8 Rxd8 9. Nd5 Nxd5 10. cxd5 c6 11.
Bc4 b5 12. Bb3 Bb7 13. Bg5 Re8 14. Rc1 a5 15. a4 cxd5 16. Rc7 Bc6 17. axb5 a4 18.
Ba2 a3 19. bxc6 axb2 20. Bb1 dxe4 21. Nd2 f5 22. O-O Ra6 23. Rb7 Nxc6 24. Rxb2 Nd4 25. Ba2+ Kh8 26. Bc4 Rc6 27. Be3 Rec8 28. Bd5 Rc2 29.
Rxc2 Rxc2 30. Rb1 Bf8 31. Nc4 f4 32. Rb8 fxe3 33. Rxf8+ Kg7 34. Rf7+ Kh6 35. fxe3 Ne2+ 36. Kh2 Nc3 37. Be6 Ne2 38. Nxe5 Rc3 39. h4 g5 40. Bf5 gxh4 41. Bxe4 Ng3 42. Bf3 Kg5 43. Ng4 1-0